 Dungeon Crawl Stone Soup version 0.19-a0-1051-gdb7e7f8 (webtiles) character file.

422 Redz the Cutter (level 7, -10/45 HPs)
             Began as a Halfling Enchanter on Aug 2, 2016.
             Mangled by a wyvern skeleton (15 damage)
             ... on level 6 of the Dungeon.
             The game lasted 00:23:42 (3351 turns).

Redz the Cutter (Halfling Enchanter)                Turns: 3351, Time: 00:23:43

Health: -10/45     AC:  5    Str: 10      XL:     7   Next: 17%
Magic:  5/10       EV: 16    Int: 13 (14) God:
Gold:   170        SH:  0    Dex: 15      Spells: 2 memorised, 7 levels left

rFire  . . .     SeeInvis .     a - +2 dagger
rCold  . . .     Gourm    .     e - +2 robe {MR+}
rNeg   . . .     Faith    .     (shield restricted)
rPois  .         Spirit   .     (no helmet)
rElec  .         Dismiss  .     n - +0 cloak
rCorr  .         Reflect  .     (no gloves)
SustAt .         Harm     .     (no boots)
MR     +....                    (no amulet)
Stlth  +++.......               (no ring)
                                (no ring)

@: very slightly contaminated, somewhat resistant to hostile enchantments,
fairly stealthy
A: mutation resistance 1
a: no special abilities


You were on level 6 of the Dungeon.
You were not hungry.

You visited 1 branch of the dungeon, and saw 6 of its levels.

You collected 170 gold pieces.

Inventory:

Hand Weapons
 a - a +2 dagger (weapon)
Armour
 b - a +2 robe
 e - a +2 robe of magic resistance (worn)
 n - a +0 cloak (worn)
Wands
 k - a wand of acid (4/15)
 l - a wand of lightning (6/15)
Scrolls
 f - a scroll of recharging
 m - 2 scrolls of amnesia
Potions
 g - a potion of cure mutation
Books
 c - a book of Maledictions

   Spells                             Type                      Level
   a - Corona                         Hexes                        1
   b - Ensorcelled Hibernation        Hexes/Ice                    2
   c - Confuse                        Hexes                        3
   d - Tukima's Dance                 Hexes                        3
   e - Dazzling Spray                 Conjuration/Hexes            3
Comestibles
 d - 3 bread rations
 h - 4 chunks of flesh
 j - a meat ration


   Skills:
 * Level 2.6 Fighting
 * Level 4.3 Short Blades
 + Level 2.3 Armour
 + Level 3.2 Dodging
 + Level 4.2 Stealth
 + Level 2.4 Spellcasting
 + Level 3.2 Hexes


You had 7 spell levels left.
You knew the following spells:

 Your Spells              Type           Power        Failure   Level  Hunger
a - Corona                Hex            ##.....      10%         1    #......
b - Ensorcelled Hibernat  Hex/Ice        #.....       21%         2    ###....


Dungeon Overview and Level Annotations

Branches:
Dungeon (6/15)
 Temple: D:4-7

Altars:
Elyvilon
Gozag
Hepliaklqana
Makhleb
Nemelex Xobeh
Pakellas
Uskayaw
Vehumet
Xom
Zin

Annotations:
D:5 Musica's ghost, novice FoFi


Innate Abilities, Weirdness & Mutations

You are small and have problems with some larger weapons.
You are somewhat resistant to further mutation.


Message History

You hit the wyvern skeleton but do no damage.
The wyvern skeleton bites you!
You hit the wyvern skeleton but do no damage.
The wyvern skeleton misses you. The wyvern skeleton bites you.
You barely miss the wyvern skeleton. The wyvern skeleton bites you!
Casting: Ensorcelled Hibernation
Confirm with . or Enter, or press ? or * to list all spells.
Aiming: Corona
Press: ? - help, Shift-Dir - straight line, f - wyvern skeleton
Aim: a wyvern skeleton (chance to defeat MR: 58%)
The wyvern skeleton is outlined in light.
The wyvern skeleton bites you.
* * * LOW HITPOINT WARNING * * *
You hit the wyvern skeleton.
The wyvern skeleton is lightly damaged.
The wyvern skeleton bites you!
* * * LOW HITPOINT WARNING * * *
The wyvern skeleton barely misses you. The wyvern skeleton bites you!
You die...

# #### .# ..###.##
#......##
#########<.......
##(......†........
##..Z##############
#..@## ##..# ##..
##.. ##. #. .. ##


You could see a wyvern skeleton.

Vanquished Creatures
  An ogre (D:4)
  A giant frog (D:6)
  A howler monkey (D:5)
  A wasp zombie (D:4)
  An orc priest (D:3)
  A hound (D:3)
  3 gnolls (D:3)
  3 adders (D:2)
  An ooze (D:3)
  2 worms
  A dart slug (D:1)
  3 giant geckos
  5 orcs
  4 giant cockroaches
  11 goblins
  9 hobgoblins
  6 jackals
  4 kobolds
  2 quokkas
  2 ball pythons (D:1)
  5 bats
  A giant gecko skeleton (D:4)
  2 giant newts (D:1)
  4 rats
74 creatures vanquished.

Notes
Turn   | Place    | Note
-------+----------+-------------------------------------------
     0 | D:1      | Redz the Halfling Enchanter began the quest for the Orb.
     0 | D:1      | Reached XP level 1. HP: 11/11 MP: 3/3
    52 | D:1      | Reached XP level 2. HP: 15/18 MP: 4/4
   316 | D:1      | Reached XP level 3. HP: 22/22 MP: 5/5
   506 | D:1      | Reached skill level 1 in Fighting
  1108 | D:2      | Reached XP level 4. HP: 21/28 MP: 4/6
  1228 | D:2      | Reached skill level 1 in Armour
  1354 | D:2      | Learned a level 2 spell: Ensorcelled Hibernation
  1426 | D:2      | Found a hazy altar of Hepliaklqana.
  1859 | D:3      | Found a white marble altar of Elyvilon.
  1859 | D:3      | Found a radiant altar of Vehumet.
  1959 | D:3      | Found an oddly glowing altar of Pakellas.
  1982 | D:3      | Reached XP level 5. HP: 22/33 MP: 4/7
  2029 | D:3      | Found a sparkling altar of Nemelex Xobeh.
  2142 | D:3      | Found a glowing silver altar of Zin.
  2142 | D:3      | Found an opulent altar of Gozag.
  2440 | D:3      | Found a burning altar of Makhleb.
  2469 | D:3      | Reached XP level 6. HP: 5/39 MP: 1/9
  3042 | D:4      | Noticed an ogre
  3123 | D:4      | Killed an ogre
  3239 | D:4      | You fall through a shaft!
  3239 | D:5      | Entered Level 5 of the Dungeon
  3269 | D:5      | Noticed an ice beast
  3272 | D:5      | Noticed Musica's ghost (novice FoFi)
  3289 | D:5      | Found a shimmering altar of Xom.
  3316 | D:5      | Found a hide-covered altar of Uskayaw.
  3340 | D:6      | Reached XP level 7. HP: 42/45 MP: 5/10
  3351 | D:6      | Mangled by a wyvern skeleton

Vault maps used:
D:1:      ncdulo_halloftheorcs, corexii_leaking_fountain, serial_bayou_lake_a
D:2:      lemuel_round_altar
D:3:      grunt_temple_overflow_gold_and_silver,
          nemelex_xobeh_ov_fountains_minmay, makhleb_heckhound_becter,
          nicolae_overflow_hidden_temple
D:4:      first_bread
D:5:      lemuel_round_altar, kennysheep_little_box
D:6:      serial_undead, serial_undead_a, serial_undead_e, serial_undead_c,
          serial_undead_f, serial_undead_d, serial_undead_a

Skill      XL: |  1  2  3  4  5  6 |
---------------+-------------------+-----
Short Blades   | 2 3 4 |  4.3
Fighting       | 1 2 |  2.6
Armour         | 1 2 |  2.3
Spellcasting   | 2 |  2.4
Hexes          | 3 |  3.2
Stealth        | 4 |  4.2
Dodging        | 3 |  3.2

Action                   |  1- 3 |  4- 6 |  7- 9 || total
-------------------------+-------+-------+-------++-------
Melee: Dagger            |    91 |   223 |     4 ||   318
 Cast: Corona            |    12 |    11 |     1 ||    24
       Ensorcelled Hiber |       |    16 |       ||    16
  Use: Scroll            |       |     7 |       ||     7
       Potion            |       |     6 |       ||     6
 Stab: Sleeping          |     7 |    10 |       ||    17
       Distracted        |       |     2 |       ||     2
  Eat: Chunk             |     1 |     6 |       ||     7
       Bread ration      |       |     1 |       ||     1
Armor: Robe              |    11 |    34 |       ||    45
Dodge: Dodged            |    54 |   163 |     2 ||   219
